 Dungeon Crawl Stone Soup version 0.29.0-13-gc9e81de378 (webtiles) character file.

Game seed: 15160264553618690184

584 Doot the Conjurer (level 7, -6/52 HPs)
             Began as a Meteoran Conjurer on Sept 8, 2022.
             Mangled by Duvessa
             ... wielding a +0 short sword
              (16 damage)
             ... on level 4 of the Dungeon.
             The game lasted 00:10:33 (1718 turns).

Doot the Conjurer (Meteoran Conjurer)               Turns: 1718, Time: 00:10:34

Health: -6/52      AC:  4    Str:  8    XL:     7   Next: 96%
Magic:  5/17       EV: 16    Int: 22    God:
Gold:   192        SH:  0    Dex: 13    Spells: 11/18 levels left

rFire   . . .      SeeInvis .   q - +3 dagger
rCold   . . .      Faith    .   (no shield)
rNeg    + . .      Spirit   .   n - +0 leather armour
rPois   .          Reflect  .   (no helmet)
rElec   .          Harm     .   r - +0 cloak
rCorr   .          Rampage  .   (no gloves)
Will    .....                   (no boots)
Stlth   +.........              (no amulet)
HPRegen 0.17/turn               d - +4 ring of evasion
MPRegen 0.15/turn               l - ring of positive energy

@: very slightly contaminated, glowing
A: sense surroundings 1, otherworldly, glowing, explore regen
a: no special abilities


You were on level 4 of the Dungeon.
You visited 1 branch of the dungeon, and saw 4 of its levels.

You collected 192 gold pieces.

Inventory:

Hand Weapons
 f - a +0 short sword
 q - a +3 dagger (weapon)
Missiles
 c - 69 stones
Armour
 a - a +0 robe
 n - a +0 leather armour (worn)
 r - a +0 cloak (worn)
Jewellery
 d - a +4 ring of evasion (left hand)
 g - a ring of fire
 l - a ring of positive energy (right hand)
 s - a ring of protection from fire
Wands
 m - a wand of digging (4)
Scrolls
 h - 4 scrolls of identify {unknown}
 j - a scroll of magic mapping {unknown}
 k - a scroll of brand weapon {unknown}
 o - 2 scrolls of fear {unknown}
 t - a scroll of fog {unknown}
 v - a scroll of poison {unknown}
Potions
 e - 2 potions of haste {unknown}
 i - 2 potions of ambrosia {unknown}
 p - a potion of berserk rage {unknown}
 u - a potion of curing {unknown}
 w - a potion of heal wounds {unknown}
 x - a potion of experience {unknown}
 z - a potion of degeneration {unknown}


   Skills:
 + Level 1.3 Fighting
 + Level 0.4 Short Blades
 + Level 3.4 Armour
 + Level 3.8 Dodging
 + Level 1.6 Stealth
 + Level 6.1 Spellcasting
 + Level 6.9 Conjurations
 + Level 0.2 Translocations


You had 11 spell levels left.
You knew the following spells:

 Your Spells              Type           Power      Damage    Failure   Level
a - Magic Dart            Conj           100%       1d8       1%          1
b - Searing Ray           Conj           74%        2d7       1%          2
c - Iskenderun's Mystic   Conj/Tloc      22%        2d6       28%         4

Your spell library contained the following spells:

 Spells                   Type           Power      Damage    Failure   Level
 Dazzling Flash           Conj/Hex       42%        N/A       10%         3
 Fulminant Prism          Conj/Hex       10%        3d9       30%         4


Dungeon Overview and Level Annotations

Branches:
Dungeon (4/15) Zot: 682
 Temple: D:4-7

Altars:

Annotations:
D:4 Duvessa


Innate Abilities, Weirdness & Mutations

You passively map a small area around you.
You are easily found by Zot.
You glow in the dark.
You regain HP and MP as you explore.


Message History

Casting: Searing Ray (safe; 1% risk of failure)
Confirm with . or Enter, or press ? or * to list all spells.
The spell is quite dangerous to miscast (28% risk of failure)!
Continue anyway?
You erupt in a blast of force!
The mystic blast hits Duvessa but does no damage.
Duvessa is lightly wounded.
You hear a shout!
Duvessa hits you with a +0 short sword! Duvessa barely misses you.
Unknown command.
Casting: Iskenderun's Mystic Blast (quite dangerous; 28% risk of failure)
Confirm with . or Enter, or press ? or * to list all spells.
The spell is quite dangerous to miscast (28% risk of failure)!
Continue anyway?
You erupt in a blast of force!
The mystic blast hits Duvessa.
Duvessa is moderately wounded.
Duvessa is knocked back by the mystic blast.
Unknown command.
Magic courses through your body. Duvessa closely misses you.
Casting: Iskenderun's Mystic Blast (quite dangerous; 28% risk of failure)
Confirm with . or Enter, or press ? or * to list all spells.
The spell is quite dangerous to miscast (28% risk of failure)!
Continue anyway?
You erupt in a blast of force!
The mystic blast hits Duvessa but does no damage.
Duvessa is moderately wounded.
Duvessa hits you with a +0 short sword!
* * * LOW HITPOINT WARNING * * *
Unknown command.
Casting: Iskenderun's Mystic Blast (quite dangerous; 28% risk of failure)
Confirm with . or Enter, or press ? or * to list all spells.
The spell is quite dangerous to miscast (28% risk of failure)!
Continue anyway?
You erupt in a blast of force!
The mystic blast hits Duvessa!
Duvessa is heavily wounded.
Duvessa is knocked back by the mystic blast.
Unknown command.
Casting: Iskenderun's Mystic Blast (quite dangerous; 28% risk of failure)
Confirm with . or Enter, or press ? or * to list all spells.
The spell is quite dangerous to miscast (28% risk of failure)!
Continue anyway?
You miscast Iskenderun's Mystic Blast.
You are very lightly contaminated with residual magic.
Nothing appears to happen.
Duvessa hits you with a +0 short sword!
You die...

##.### #.).##
#########
###..###.......#
##.))........#
####........#
######..)#####*
*#
######........#
.
.........####.##
* . ........@#
#..# *, .
*........e#
*##.# * .
........)#* ###
. .........#* ,*
* .
#######o####.###
, , #..(e.....,
, *
#....e..o#,,,
#........# ,,
#........#


You could see Duvessa (berserk) and an orc.

Vanquished Creatures
  Edmund (D:4)
  2 scorpions (D:4)
  Dowan (D:4)
  An orc priest (D:3)
  5 orc wizards
  3 gnolls (D:4)
  5 adders
  4 dart slugs
  13 orcs
  4 endoplasms
  3 giant cockroaches
  5 goblins
  2 hobgoblins
  3 jackals (D:2)
  5 quokkas
  5 ball pythons
  4 bats
  4 frilled lizards
  7 kobolds
  5 rats
82 creatures vanquished.

Notes
Turn   | Place    | Note
-------+----------+-------------------------------------------
     0 | D:1      | Doot the Meteoran Conjurer began the quest for the Orb.
     0 | D:1      | Reached XP level 1. HP: 14/14 MP: 5/5
    98 | D:1      | Reached skill level 5 in Conjurations
   110 | D:1      | Reached XP level 2. HP: 20/20 MP: 0/6
   171 | D:1      | Learned a level 2 spell: Searing Ray
   501 | D:1      | Glimpsed the power of Zot.
   551 | D:1      | Glimpsed the power of Zot.
   615 | D:2      | Reached XP level 3. HP: 26/26 MP: 1/8
   617 | D:2      | Found a faded altar of an unknown god.
   787 | D:2      | Reached XP level 4. HP: 8/33 MP: 0/9
  1067 | D:3      | Reached XP level 5. HP: 38/38 MP: 3/11
  1114 | D:4      | Learned a level 4 spell: Iskenderun's Mystic Blast
  1185 | D:3      | Reached skill level 1 in Armour
  1216 | D:3      | Reached XP level 6. HP: 23/46 MP: 4/12
  1433 | D:4      | Reached skill level 5 in Spellcasting
  1518 | D:4      | Reached XP level 7. HP: 47/51 MP: 11/15
  1612 | D:4      | Reached skill level 1 in Fighting
  1668 | D:4      | Noticed Edmund
  1678 | D:4      | Killed Edmund
  1702 | D:4      | Noticed Duvessa
  1702 | D:4      | Noticed Dowan
  1711 | D:4      | Killed Dowan
  1718 | D:4      | Mangled by Duvessa

Illustrated notes

Levels and vault maps discovered:
D:1:      ebering_hopf_link, layout_loops_corners, minmay_misc_feat_roman
D:2:      layout_basic, shapermc_ecumenical_altar_pompeii
D:3:      cheibrodos_pilgrimage, layout_basic, grunt_decor_junction
D:4:      layout_basic, minivault_4, nrook_loot_triangle,
          nicolae_elevator_lobby_plus, uniq_duvessa, uniq_edmund

Skill      XL: |  1  2  3  4  5  6  7 |
---------------+----------------------+-----
Conjurations   | 5 6 |  6.9
Spellcasting   | 3 5 6 |  6.1
Armour         | 2 3 |  3.4
Dodging        | 3 |  3.8
Fighting       | 1 |  1.3
Short Blades   | |  0.4
Stealth        | |  1.6
Translocations | |  0.2

Action                   |  1- 3 |  4- 6 |  7- 9 || total
-------------------------+-------+-------+-------++-------
Melee: Short sword       |     3 |    12 |       ||    15
       Dagger            |       |    15 |     7 ||    22
       Punch             |       |     1 |       ||     1
 Cast: Magic Dart        |    25 |    12 |     3 ||    40
       Searing Ray       |    12 |    20 |    11 ||    43
       Iskenderun's Myst |       |     1 |     4 ||     5
Evoke: Wand              |       |       |     1 ||     1
  Use: Potion            |       |       |     1 ||     1
Armor: Robe              |     2 |       |       ||     2
       Leather armour    |     4 |    23 |     3 ||    30
Dodge: Dodged            |    22 |    37 |    14 ||    73
